 Dungeon Crawl Stone Soup version 0.27-a0-1595-g0b823d0a13 (webtiles) character file.

Game seed: 11464592809356864193

160 Lusmu the Conjurer (level 5, -4/28 HPs)
             Began as a Kobold Conjurer on July 20, 2021.
             Shot with an arrow by a centaur (12 damage)
             ... on level 4 of the Dungeon.
             The game lasted 00:18:38 (4343 turns).

Lusmu the Conjurer (Kobold Conjurer)                Turns: 4343, Time: 00:18:39

Health: -4/28      AC:  5    Str:  5    XL:     5   Next: 69%
Magic:  7/10       EV: 13    Int: 19    God:
Gold:   134        SH:  0    Dex: 14    Spells: 10/11 levels left

rFire    . . .     SeeInvis .   e - +0 dagger
rCold    . . .     Faith    .   (shield restricted)
rNeg     . . .     Spirit   .   c - +0 leather armour
rPois    .         Reflect  .   (no helmet)
rElec    .         Harm     .   p - scarf {+Inv}
rCorr    .         Rampage  .   l - +0 pair of gloves
Will     .....                  n - +0 pair of boots
Stlth    ++++......             (no amulet)
HPRegen  0.09/turn              (no ring)
MPRegen  0.12/turn              (no ring)

@: no status effects
A: small, no large weapons, nightstalker 3
a: Evoke Invisibility


You were on level 4 of the Dungeon.
You visited 1 branch of the dungeon, and saw 4 of its levels.

You collected 134 gold pieces.

Inventory:

Hand Weapons
 e - a +0 dagger (weapon)
 k - a +2 hunting sling of flaming
Missiles
 o - 13 poisoned darts
Armour
 c - a +0 leather armour (worn)
 l - a +0 pair of gloves (worn)
 n - a +0 pair of boots (worn)
 p - a scarf of invisibility (worn)
Scrolls
 b - a scroll of magic mapping
 f - a scroll of noise {unknown}
 i - a scroll of silence {unknown}
 m - a scroll of enchant armour {unknown}
Potions
 d - a potion of might {unknown}
 g - a potion of brilliance
 h - a potion of magic {unknown}


   Skills:
 - Level 2.4 Dodging
 + Level 4.8 Stealth
 + Level 3.5 Spellcasting
 + Level 5.1 Conjurations


You had 10 spell levels left.
You knew the following spells:

 Your Spells              Type           Power      Damage    Failure   Level
a - Magic Dart            Conj           88%        1d7       3%          1

Your spell library contained the following spells:

 Spells                   Type           Power      Damage    Failure   Level
 Searing Ray              Conj           44%        3d4       4%          2
 Sandblast                Erth           6%         2d5       24%         1
 Dazzling Flash           Conj/Hex       26%        N/A       26%         3
 Passwall                 Tmut/Erth      2%         N/A       36%         2
 Fulminant Prism          Conj/Hex       6%         3d7       63%         4
 Iskenderun's Mystic Bla  Conj/Tloc      13%        2d5       63%         4
 Lee's Rapid Deconstruct  Erth           1%         3d5*      100%        5


Dungeon Overview and Level Annotations

Branches:
Dungeon (4/15)             Temple (0/1) D:4

Altars:
The Shining One

Shops:
D:2 [

Annotations:
D:3 Grinder


Innate Abilities, Weirdness & Mutations

You are small and have problems with some larger weapons.
You are completely attuned to the shadows.


Message History

The helpless kobold fails to defend itself.
You puncture the kobold!
You kill the kobold!
Found a glowing golden altar of the Shining One.
You open the door.
A centaur comes into view.
The centaur shouts!
The centaur wields a +0 shortbow.
The centaur shoots an arrow.
The arrow hits you!
Found a staircase to the Ecumenical Temple.
There is an open door here.
Casting: Magic Dart (safe; 3% risk of failure)
Confirm with . or Enter, or press ? or * to list all spells.
Aiming: Magic Dart (safe; 3% risk of failure)
Press: ? - help, Shift-Dir - straight line, f - centaur
Aim: a centaur, wielding a +0 shortbow and quivering arrows (100% to hit)
The magic dart hits the centaur but does no damage.
The centaur shoots an arrow.
The arrow closely misses you.
The centaur shoots an arrow.
The arrow hits you!
Casting: Magic Dart (safe; 3% risk of failure)
Confirm with . or Enter, or press ? or * to list all spells.
Aiming: Magic Dart (safe; 3% risk of failure)
Press: ? - help, Shift-Dir - straight line, f/p - centaur
Aim: a centaur, wielding a +0 shortbow and quivering arrows (100% to hit)
The magic dart hits the centaur.
The centaur is moderately wounded.
The centaur shoots an arrow.
The arrow hits you.
* * * LOW HITPOINT WARNING * * *
As you read the scroll of fear, it crumbles to dust.
You assume a fearsome visage.
The centaur looks frightened!
Casting: Magic Dart (safe; 3% risk of failure)
Confirm with . or Enter, or press ? or * to list all spells.
Aiming: Magic Dart (safe; 3% risk of failure)
Press: ? - help, Shift-Dir - straight line, f/p - centaur
Aim: a centaur, wielding a +0 shortbow and quivering arrows (moderately wounded, fleeing, 100% to hit)
The magic dart hits the centaur but does no damage.
The centaur is moderately wounded.
Your attack snaps the centaur out of its fear.
The centaur shoots an arrow.
The arrow hits you!
You die...

*********,*
#.####.##..#
,,,,,,,,,,*
#.#..####..#
*********,* #....#
##.## *,* #.._.# #..#
*,* #....# #..# ** *,*
#.#..# #..## ## ,*****
*,* #.####*####..# #.
,,,,,* *,* #...#
*......# #. ,,,,,* *,*
###@#**.####.## #.
,,,,,****,* #.....#,*
#(.#####. ,,,,,,,,,,*
#.....#,* #......#.
,,,,*********#.....#,*
#...##.#.
,,,,,,,,,***,+..c..+,*
#........
,,,,,,,,,,,,,*,,,,,***
#.#..#.#.
,,,,,,,,,,,***,,,,,*
#....#.## ,,,,,,,,,,,*
*,,,,,* ###..#...
,*+*,,,,,,,* *********
##..###


You could see a centaur.

Vanquished Creatures
  A hound (D:4)
  An iguana (D:4)
  3 gnolls (D:2)
  2 worms
  6 endoplasms
  A giant cockroach (D:2)
  4 goblins
  5 hobgoblins
  14 jackals
  5 kobolds
  A quokka (D:1)
  7 ball pythons
  9 bats
  6 rats
65 creatures vanquished.

Notes
Turn   | Place    | Note
-------+----------+-------------------------------------------
     0 | D:1      | Lusmu the Kobold Conjurer began the quest for the Orb.
     0 | D:1      | Reached XP level 1. HP: 10/10 MP: 3/3
   218 | D:1      | Reached XP level 2. HP: 15/15 MP: 5/5
   625 | D:1      | Reached XP level 3. HP: 19/19 MP: 3/6
  1344 | D:2      | Found Somunis's Armour Shop.
  2056 | D:2      | Reached XP level 4. HP: 24/24 MP: 8/8
  2380 | D:3      | Noticed Grinder
  3736 | D:3      | Reached XP level 5. HP: 27/28 MP: 9/9
  4070 | D:4      | Reached skill level 5 in Conjurations
  4328 | D:4      | Found a glowing golden altar of the Shining One.
  4338 | D:4      | Noticed a centaur
  4339 | D:4      | Found a staircase to the Ecumenical Temple.
  4343 | D:4      | Shot with an arrow by a centaur

Illustrated notes

Levels and vault maps discovered:
D:1:      wheals_arrival_shading, layout_rooms, minmay_misc_feat_more_columns
D:2:      layout_loops_ring, serial_shops, shop
D:3:      layout_loops_cross, minmay_misc_feat_rows, uniq_grinder
D:4:      layout_basic, mainiacjoe_overflow_alcove_1, general_overflow_altar,
          temple_green, minmay_fractal_squares_diagonal_5

Skill      XL: |  1  2  3  4  5 |
---------------+----------------+-----
Stealth        | 3 4 |  4.8
Spellcasting   | 3 |  3.5
Conjurations   | 5 |  5.1
Dodging        | |  2.4

Action                   |  1- 3 |  4- 6 || total
-------------------------+-------+-------++-------
Melee: Dagger            |    40 |    35 ||    75
       Unarmed           |     2 |       ||     2
 Cast: Magic Dart        |    73 |    66 ||   139
  Use: Scroll            |       |     5 ||     5
       Potion            |       |     1 ||     1
 Stab: Distracted        |     1 |       ||     1
       Sleeping          |       |     2 ||     2
Armor: Robe              |    20 |    11 ||    31
       Leather armour    |       |     1 ||     1
Dodge: Dodged            |    88 |    57 ||   145

Table legend: (Time is in decaauts)
 A = Elapsed time spent in this place.
 B = Non-inter-level travel time spent in this place.
 C = Inter-level travel time spent in this place.
 D = Time resting spent in this place.
 E = Time spent auto-exploring this place.
 F = Levels seen in this place.
 G = Mean time per level.
                   A        B        C        D        E       F      G
               +--------+--------+--------+--------+--------+-----+--------+
         Total |   4344 |   4283 |     61 |   1498 |    907 |   4 | 1086.0 |
       Dungeon |   4344 |   4283 |     61 |   1498 |    907 |   4 | 1086.0 |
               +--------+--------+--------+--------+--------+-----+--------+

Top non-repeatable levels by time:
     D:2: 1866 daAuts
     D:1: 1220 daAuts
     D:3: 969 daAuts
     D:4: 287 daAuts
